 Dungeon Crawl Stone Soup version 0.30.1 (webtiles) character file.

Game seed: 3155789968279627732

185 booth the Cudgeller (level 5, -2/32 HPs)
             Began as a Gargoyle Gladiator on July 11, 2023.
             Killed from afar by Ijyb (16 damage)
             ... with a bolt of light
             ... on level 4 of the Dungeon.
             The game lasted 00:21:21 (3765 turns).

booth the Cudgeller (Gargoyle Gladiator)            Turns: 3765, Time: 00:21:21

Health: -2/32      AC:  9    Str: 19    XL:     5   Next: 64%
Magic:  5/5        EV: 13    Int:  9    God:
Gold:   155        SH:  0    Dex: 17    Spells: 4/4 levels left

rFire   . . .        a - +0 flail (freeze)
rCold   . . .        (no shield)
rNeg    + . .        b - +0 leather armour
rPois   ∞            c - +0 helmet
rElec   +            (no cloak)
rCorr   .            l - +0 pair of gloves
SInv    +            (no boots)
Will    .....        (no amulet)
Stlth   +            k - ring of see invisible
HPRegen 0.25/turn    u - +6 ring of dexterity
MPRegen 0.09/turn

%: no passive effects
@: no status effects
A: sickness immunity, AC +4, negative energy resistance 1, electricity
resistance, torment resistance 1, petrification resistance
a: no special abilities


You were on level 4 of the Dungeon.
You visited 1 branch of the dungeon, and saw 4 of its levels.

You collected 155 gold pieces.

Inventory:

Hand Weapons
 a - a +0 flail of freezing (weapon)
 g - a +0 war axe of chaos
Missiles
 d - 2 throwing nets
 e - a javelin
 p - 7 poisoned darts (quivered)
Armour
 b - a +0 leather armour (worn)
 c - a +0 helmet (worn)
 h - a +0 ring mail
 i - a +0 robe of resistance
 l - a +0 pair of gloves (worn)
Jewellery
 k - a ring of see invisible (left hand)
 u - a +6 ring of dexterity (right hand)
Scrolls
 f - a scroll of vulnerability
 j - a scroll of fear
 o - a scroll of silence {unknown}
 r - a scroll of butterflies {unknown}
 t - a scroll of brand weapon
 v - a scroll of fog {unknown}
Potions
 m - a potion of brilliance {unknown}
 n - a potion of mutation {unknown}
 q - a potion of lignification {unknown}


   Skills:
 + Level 3.2 Fighting
 * Level 4.2 Maces & Flails
 + Level 2.6 Throwing
 + Level 2.0 Armour
 + Level 3.0 Dodging


You had 4 spell levels left.
You didn't know any spells.
Your spell library contained the following spells:

 Spells                   Type           Power      Damage    Failure   Level
 Kiss of Death            Conj/Necr      0%         2d5       43%         1
 Slow                     Hex            0%         N/A       43%         1
 Confusing Touch          Hex            0%         N/A       82%         3
 Ignite Poison            Fire/Tmut/Pois 0%         N/A       82%         3
 Vampiric Draining        Necr           0%         2d6       82%         3
 Dispel Undead            Necr           0%         3d6       99%         4
 Freezing Cloud           Conj/Ice/Air   0%         6-21      100%        5
 Cigotuvi's Dreadful Rot  Necr/Pois/Air  Unusable   N/A       N/A         2

Dungeon Overview and Level Annotations

Branches:
Dungeon (4/15)
 Temple: D:4-7

Altars:
The Shining One

Shops:
D:3 (

Annotations:
D:4 Ijyb


Innate Abilities, Weirdness & Mutations

You are immune to sickness and miasma.
Your stone body is resilient. (AC +4)
You are immune to poison.
You resist negative energy. (rN+)
You are resistant to electric shocks. (rElec)
You are resistant to unholy torment.
You are immune to petrification.


Message History

Ijyb hits you with a +0 club.
The kobold hits you with a +0 short sword.
You hit Ijyb. You freeze Ijyb.
Ijyb is moderately wounded.
The kobold misses you. Ijyb barely misses you.
You hit Ijyb but do no damage.
Ijyb is heavily wounded.
Ijyb looks more healthy.
The kobold hits you with a +0 short sword.
Ijyb zaps a wand.
The bolt of light misses you. Ijyb closely misses you.
The kobold barely misses you.
Throw: 9 darts (poison)
Press: ? - help, Q - select action, (/) - cycle Shift-Dir - straight line, f/p - Ijyb
Aim: Ijyb, wielding a +0 club, wearing a +0 leather armour and carrying a wand of light (2) (heavily wounded, 55% to hit)
You throw a poisoned dart.
The poisoned dart completely misses Ijyb.
Throw: 8 darts (poison)
Press: ? - help, Q - select action, (/) - cycle Shift-Dir - straight line, f/p - Ijyb
Aim: Ijyb, wielding a +0 club, wearing a +0 leather armour and carrying a wand of light (2) (heavily wounded, 55% to hit)
You throw a poisoned dart. The poisoned dart hits Ijyb.
Ijyb is poisoned.
Ijyb is heavily wounded.
Ijyb closely misses you. The kobold closely misses you.
You barely miss Ijyb.
Ijyb is heavily wounded.
The kobold hits you but does no damage. Ijyb barely misses you.
Ijyb hits you with a +0 club. The kobold barely misses you.
You closely miss Ijyb.
Ijyb is heavily wounded.
The kobold barely misses you. Ijyb barely misses you.
You hit Ijyb but do no damage.
Ijyb is severely wounded.
The kobold hits you but does no damage. Ijyb hits you but does no damage.
You hit Ijyb but do no damage.
Ijyb is severely wounded.
The kobold barely misses you.
Ijyb zaps a wand.
The bolt of light misses you.
You barely miss Ijyb.
Ijyb is severely wounded.
The kobold barely misses you.
Ijyb zaps a wand.
The bolt of light hits you!
Ouch! That really hurt!
You die...

############ #..........#
####...$:...>.#
#.............#
#.....†.......#
###########.K.....$.....#
##...#...##.@g...$.(.....#
##............##..........#
#...........###...........#
#...........#.............#
####.............##..........#
........).)<...####..#.##.####
....#.......[....... .#
........#.###..###.#
..................


You could see Ijyb (poisoned) and a kobold.

Vanquished Creatures
  A hound (D:3)
  2 orc wizards
  An adder (D:2)
  3 worms
  A dart slug (D:3)
  6 orcs
  6 ball pythons
  2 bats
  5 endoplasms
  4 giant cockroaches
  5 goblins
  7 hobgoblins
  8 jackals
  13 kobolds
  2 quokkas
  3 frilled lizards
  4 rats
73 creatures vanquished.

Notes
Turn   | Place    | Note
-------+----------+-------------------------------------------
     0 | D:1      | booth the Gargoyle Gladiator began the quest for the Orb.
     0 | D:1      | Reached XP level 1. HP: 12/12 MP: 1/1
   337 | D:1      | Reached XP level 2. HP: 15/17 MP: 2/2
   463 | D:1      | Found a faded altar of an unknown god.
   514 | D:1      | Reached skill level 1 in Armour
   538 | D:1      | Reached XP level 3. HP: 22/22 MP: 3/3
  1616 | D:2      | Reached XP level 4. HP: 27/27 MP: 4/4
  2341 | D:3      | Found Sekof's Weapon Shop.
  2446 | D:3      | Found a glowing golden altar of the Shining One.
  3200 | D:3      | HP: 1/27 [hound (3)]
  3205 | D:3      | HP: 1/27 [hound (1)]
  3211 | D:3      | Reached skill level 4 in Maces & Flails
  3336 | D:3      | Reached XP level 5. HP: 32/32 MP: 5/5
  3731 | D:4      | Noticed Ijyb
  3765 | D:4      | Killed from afar by Ijyb

Illustrated notes

Levels and vault maps discovered:
D:1:      dpeg_arrival_refuge, layout_basic,
          shapermc_ecumenical_altar_hornbeckon
D:2:      layout_basic
D:3:      minmay_skewed_foursquare, layout_basic,
          nicolae_tso_swordbearing_angel, serial_shops, shop,
          kennysheep_generic_room_2
D:4:      layout_rooms, uniq_natasha, uniq_ijyb, uniq_menkaure, uniq_sigmund

Skill      XL: |  1  2  3  4  5 |
---------------+----------------+-----
Armour         | 1 2 |  2.0
Throwing       | 2 |  2.6
Fighting       | 3 |  3.2
Maces & Flails | 4 |  4.2
Dodging        | 3 |  3.0

Action                     |  1- 3 |  4- 6 || total
---------------------------+-------+-------++-------
  Melee: Flail             |   124 |   128 ||   252
  Throw: Javelin           |     1 |       ||     1
         Dart              |       |    21 ||    21
         Throwing net      |       |     2 ||     2
    Use: Scroll            |     5 |     7 ||    12
         Potion            |       |     2 ||     2
 Armour: Leather armour    |    50 |    62 ||   112
  Dodge: Dodged            |    90 |   102 ||   192
